 Dungeon Crawl Stone Soup version 0.14.1-1-g650416f (webtiles) character file.

185 Indrah22 the Sneak (level 4, -1/24 HPs)
             Began as a Tengu Enchanter on May 11, 2014.
             Killed by divine providence
             ... invoked by an orc priest
              (10 damage)
             ... on Level 3 of the Dungeon.
             The game lasted 00:12:23 (2222 turns).

Indrah22 the Sneak (Tengu Enchanter)                Turns: 2222, Time: 00:12:23

HP  -1/24        AC  3     Str  9      XL: 4   Next:  4%
MP   9/9         EV 12     Int 16      God:
Gold 125         SH  0     Dex 14      Spells:  1 memorised,  6 levels left

rFire  . . .     SeeInvis .     q - +0 sling
rCold  . . .     Clarity  .     b - +1 robe
rNeg   . . .     Conserve .     (no shield)
rPois  .         rCorr    .     (helmet restricted)
rElec  .         rRot     .     (no cloak)
SustAb . .       Spirit   .     (no gloves)
rMut   .         Warding  .     (boots unavailable)
Saprov . . .     Stasis   .     (no amulet)
MR     .....                    (no ring)
                                (no ring)

@: not resistant to hostile enchantments, fairly stealthy
A: beak, talons 3
a: no special abilities


You were on level 3 of the Dungeon.
You were not hungry.

You visited 1 branch of the dungeon, and saw 3 of its levels.

You collected 125 gold pieces.

Inventory:

Hand weapons
 a - a +1,+1 dagger
 q - a +0,+0 sling (weapon)
 w - a +0,+0 long sword
 x - a +2,+1 whip of electrocution
Missiles
 d - 9 darts
 g - 9 darts of frost
 n - 15 sling bullets (quivered)
 p - 7 steel darts
Armour
 b - a +1 robe (worn)
Comestibles
 f - 2 bread rations
 i - 4 pears
 k - a meat ration
 s - a chunk of worm flesh
 t - a choko
 u - 3 chunks of hobgoblin flesh
 C - an apple
Scrolls
 e - 2 scrolls of teleportation
 l - a scroll of magic mapping
Jewellery
 o - a +3 ring of dexterity {unknown}
Potions
 h - a potion of lignification
 j - a potion of heal wounds {unknown}
 m - a potion of haste {unknown}
 r - 3 potions of curing
 A - a potion of magic {unknown}
 B - a potion of might {unknown}
Books
 c - a book of Maledictions

   Spells                             Type                      Level
   *Corona                            Hexes                        1
   Sure Blade                         Hexes/Charms                 2
   Ensorcelled Hibernation            Hexes/Ice                    2
   Confuse                            Hexes                        3
   Enslavement                        Hexes                        4
   Invisibility                       Hexes                        6


   Skills:
 + Level 0.2 Fighting
 - Level 1.2 Short Blades
 + Level 1.5 Long Blades
 * Level 1.1 Slings
 + Level 1.4 Throwing
 + Level 2.2 Dodging
 + Level 2.7 Stealth
 + Level 2.3 Spellcasting
 + Level 2.5 Hexes


You had 6 spell levels left.
You knew the following spells:

 Your Spells              Type           Power        Failure   Level  Hunger
a - Corona                Hex            ##.....      10%         1    #......


Dungeon Overview and Level Annotations

Branches:
Dungeon (3/15)

Altars:
Ashenzari

Annotations:
D:3 3 exclusions


Innate Abilities, Weirdness & Mutations

You have a beak for a mouth.
You have claws for feet.


Message History

Firing (i - inventory. (,) - cycle):
n - 18 sling bullets (quivered)
Press: ? - help, Shift-Dir - straight line, f - orc priest
Aim: an orc priest, wielding a dagger and wearing a leather armour You shoot a sling bullet.
The sling bullet misses the orc priest.
The orc priest invokes the aid of Beogh against you.
Something smites you!
Ouch! That really hurt!
Firing (i - inventory. (,) - cycle):
n - 17 sling bullets (quivered)
Press: ? - help, Shift-Dir - straight line, f/p - orc priest
Aim: an orc priest, wielding a dagger and wearing a leather armour You shoot a sling bullet.
The sling bullet hits the orc priest.
The orc priest is heavily wounded.
Firing (i - inventory. (,) - cycle):
n - 16 sling bullets (quivered)
Press: ? - help, Shift-Dir - straight line, f/p - orc priest
Aim: an orc priest, wielding a dagger and wearing a leather armour (heavily wounded)
You shoot a sling bullet. The sling bullet hits the orc priest.
The orc priest is severely wounded.
The orc priest invokes the aid of Beogh against you.
Something smites you!
You die...

#.##.# .# ..(
#.##.# .# #(##
#.##.# . .o.#
#.##.# #..# #.#..#
#..# #<...# #..#
###..# #..# #..#
#..# #..#######
#@.# #........#
#..# ##.#####.#
#..# ###.#
#.#####..# ##...#
#........# .....#
#######..#
^###.######.......#
. #.............##
. #.######.######


You could see an orc priest.

Vanquished Creatures
  A giant mite (D:3)
  2 worms (D:3)
  An orc (D:3)
  3 giant cockroaches
  7 hobgoblins
  A ball python (D:3)
  8 bats
  2 giant geckos (D:2)
  A giant newt (D:2)
  5 goblins
  2 jackals (D:2)
  4 kobolds
  3 rats (D:1)
40 creatures vanquished.

Notes
Turn   | Place    | Note
--------------------------------------------------------------
     0 | D:1      | Indrah22, the Tengu Enchanter, began the quest for the Orb.
     0 | D:1      | Reached XP level 1. HP: 10/10 MP: 3/3
   592 | D:1      | Reached XP level 2. HP: 15/15 MP: 3/5
  1419 | D:2      | Reached skill level 1 in Long Blades
  1419 | D:2      | Reached XP level 3. HP: 19/19 MP: 7/7
  1800 | D:3      | Noticed a phantom
  2038 | D:3      | Reached skill level 1 in Slings
  2038 | D:3      | Reached XP level 4. HP: 15/24 MP: 9/9
  2155 | D:3      | Found a shattered altar of Ashenzari.
  2222 | D:3      | Killed from afar by an orc priest

Action                   |  1- 3 |  4- 6 || total
-------------------------+-------+-------++-------
Melee: Dagger            |    40 |       ||    40
       Long sword        |    12 |       ||    12
 Fire: Sling             |    72 |     4 ||    76
Throw: Dart              |    11 |       ||    11
 Cast: Corona            |     5 |       ||     5
  Use: Scroll            |     5 |       ||     5
       Potion            |     1 |       ||     1
 Stab: Sleeping          |     1 |       ||     1
